 Dungeon Crawl Stone Soup version 0.30.0-29-ga12c61a403 (webtiles) character file.

Game seed: 11452718801290473255

1842031 GeoRichter the Wrestler (level 25, 239/245 HPs)
             Began as a Troll Monk on June 23, 2023.
             Was the Champion of Cheibriados.
             Escaped with the Orb
             ... and 3 runes on June 24, 2023!
             The game lasted 02:47:22 (56024 turns).

GeoRichter the Wrestler (Troll Monk)               Turns: 56024, Time: 02:47:22

Health: 239/245    AC: 38    Str: 54    XL:     25   Next: 84%
Magic:  39/39      EV: 21    Int: 25    God:    Cheibriados [******]
Gold:   5406       SH: 26    Dex: 31    Spells: 31/38 levels left

rFire   + +          .
                       - Unarmed
rCold   + + +        x - +5 kite shield {rC+ rF+}
rNeg    . . .        N - +10 storm dragon scales
rPois   +            I - +3 hat of Pondering {ponderous, Will+ MP+10 Int+5}
rElec   +            b - +2 cloak {Will+}
rCorr   .            (gloves unavailable)
SInv    .            (boots unavailable)
Will    ++++.        Y - amulet "Visour" {Reflect rC+++ Str+4 Slay-2 SH+5} Stlth
                     n - ring of Sofianan {rPois rF+ Str+2}
HPRegen 1.40/turn    s - ring of Panentheism {Will+ AC+4}
MPRegen 0.26/turn

%: reflection, clarity
@: studying Air Magic, very slow
A: large, unfitting armour, claws 3, regeneration 1, shaggy fur 1, tough skin 1,
agile 1, clarity, frail 1, low MP 1, cold vulnerability 1, subdued magic 1
0: Orb of Zot
}: 3/15 runes: decaying, serpentine, silver
a: Renounce Religion, Bend Time, Temporal Distortion, Slouch, Step From Time


You escaped.
You worshipped Cheibriados.
Cheibriados was exalted by your worship.
You visited 10 branches of the dungeon, and saw 48 of its levels.
You visited the Abyss 2 times.
You visited 3 bazaars.
You also visited: Trove and Bailey.

You collected 8636 gold pieces.
You spent 3230 gold pieces at shops.

Inventory:

Hand Weapons
 a - a +8 vampiric demon whip {!w}
   (You took it off Amaemon on level 10 of the Dungeon)
Missiles
 f - 11 javelins
 k - 5 throwing nets {!f}
 J - 17 curare-tipped darts {!f}
 Q - 101 large rocks (quivered)
Armour
 b - a +2 cloak of willpower (worn)
   (You took it off Nikola on level 3 of the Elven Halls)
 x - a +5 kite shield of resistance (worn)
   (You took it off Donald on level 1 of the Vaults)
 B - an orb of energy
   (You found it on level 5 of the Realm of Zot)
 I - the +3 hat of Pondering (worn) {ponderous, Will+ MP+10 Int+5}
   (You bought it in a shop on level 1 of the Dungeon)

   Int:       It affects your intelligence (+5).
   MP:        It affects your magic capacity (+10).
   Will:      It increases your willpower.
 N - +10 storm dragon scales (worn)
   (You took it off a deep elf blademaster on level 3 of the Elven Halls)
 S - a +2 cloak of preservation
   (You found it on level 3 of the Elven Halls)
Jewellery
 d - the amulet of Binuxko {Reflect Slay+3 SH+5}
   (You found it on level 1 of the Realm of Zot)

   [amulet of reflection]

   It reflects blocked missile attacks.
   Slay:      It affects your accuracy & damage with ranged weapons and melee
   (+3).
   SH:        It affects your SH (+5).
 n - the ring of Sofianan (left claw) {rPois rF+ Str+2}
   (You acquired it on level 7 of the Dungeon)

   [ring of poison resistance]

   Str:       It affects your strength (+2).
   rF:        It protects you from fire.
   rPois:     It protects you from poison.
 s - the ring of Panentheism (right claw) {Will+ AC+4}
   (You bought it in a shop on level 2 of the Orcish Mines)

   [ring of protection]

   AC:        It affects your AC (+4).
   Will:      It increases your willpower.
 z - a ring of see invisible
   (You took it off a fire giant on level 5 of the Vaults)
 D - the amulet "Nofoejunt" {Spirit rCorr Dex+2 SInv Stlth-}
   (You found it on level 3 of the Elven Halls)

   [amulet of guardian spirit]

   It causes incoming damage to be divided between your reserves of health and
   magic.
   Dex:       It affects your dexterity (+2).
   SInv:      It lets you see invisible.
   rCorr:     It protects you from acid and corrosion.
   Stlth:     It makes you less stealthy.
 K - a ring of positive energy
   (You found it on level 10 of the Dungeon)
 P - a ring of flight
   (You found it on level 11 of the Dungeon)
 Y - the amulet "Visour" (around neck) {Reflect rC+++ Str+4 Slay-2 SH+5}
   (You bought it in a shop on level 3 of the Snake Pit)

   [amulet of reflection]

   It reflects blocked missile attacks.
   Str:       It affects your strength (+4).
   Slay:      It affects your accuracy & damage with ranged weapons and melee
   (-2).
   rC:        It renders you almost immune to cold.
   SH:        It affects your SH (+5).
Wands
 p - a wand of light (35)
   (You found it on level 8 of the Dungeon)
 w - a wand of digging (37)
   (You found it on level 8 of the Dungeon)
 E - a wand of paralysis (22)
   (You found it on level 6 of the Dungeon)
 R - a wand of roots (45)
   (You took it off Erica on level 1 of the Orcish Mines)
 U - a wand of polymorph (31)
   (You found it on level 15 of the Dungeon)
Scrolls
 e - 13 scrolls of poison {!r}
 h - 9 scrolls of vulnerability {!r}
 m - 3 scrolls of blinking
 q - 18 scrolls of teleportation {@r4}
 r - 3 scrolls of noise {!r}
 u - 5 scrolls of immolation {!r}
 C - 10 scrolls of amnesia
 G - 7 scrolls of fog
 M - 10 scrolls of fear
 W - 2 scrolls of silence
 X - 5 scrolls of torment {!r}
Potions
 c - 2 potions of invisibility
 g - 5 potions of magic
 i - 7 potions of lignification {!q}
 j - 18 potions of curing {@q1}
 l - 6 potions of mutation {!q}
 o - 7 potions of might
 t - 2 potions of cancellation
 A - 10 potions of attraction {!q}
 F - 6 potions of brilliance
 L - 8 potions of berserk rage
 O - 6 potions of ambrosia
 V - 4 potions of resistance
 Z - 3 potions of flight
Miscellaneous
 y - a box of beasts
   (You found it on level 14 of the Dungeon)
 H - a phial of floods
   (You found it on level 3 of the Lair of Beasts)
 T - a phantom mirror
   (You found it on level 1 of the Snake Pit)


   Skills:
 + Level 19.7 Fighting
 + Level 14.3 Throwing
 + Level 13.8 Armour
 + Level 14.0 Dodging
 + Level 13.2 Shields
 + Level 21.8 Unarmed Combat
 - Level 7.1 Spellcasting
 - Level 10.2 Necromancy
 - Level 7.0 Translocations
 - Level 7.0 Air Magic
 - Level 12.0 Invocations


You had 31 spell levels left.
You knew the following spells:

 Your Spells              Type           Power      Damage    Failure   Level
a - Animate Dead          Necr           46%        N/A       1%          4
b - Vhi's Electric Charg  Tloc/Air       66%        N/A       1%          3

Your spell library contained the following spells:

 Spells                   Type           Power      Damage    Failure   Level
 Kiss of Death            Conj/Necr      100%       2d13      1%          1
 Cigotuvi's Dreadful Rot  Necr/Pois/Air  56%        N/A       1%          2
 Sublimation of Blood     Necr           46%        N/A       1%          2
 Swiftness                Air            33%        N/A       1%          3
 Dispel Undead            Necr           46%        3d18      1%          4
 Shock                    Conj/Air       80%        1d8       3%          1
 Poisonous Vapours        Pois/Air       40%        N/A       4%          2
 Agony                    Necr           46%        N/A       5%          5
 Airstrike                Air            16%        2d(3-19)  8%          4
 Passage of Golubria      Tloc           33%        N/A       8%          4
 Portal Projectile        Hex/Tloc       40%        N/A       10%         3
 Freeze                   Ice            24%        1d4       14%         1
 Magic Dart               Conj           24%        1d4       14%         1
 Sandblast                Erth           12%        2d6       14%         1
 Sting                    Tmut/Pois      24%        1d4       14%         1
 Mephitic Cloud           Conj/Pois/Air  15%        N/A       16%         3
 Anguish                  Hex/Necr       13%        N/A       17%         4
 Call Imp                 Summ           12%        N/A       22%         2
 Passwall                 Tmut/Erth      5%         N/A       22%         2
 Searing Ray              Conj           12%        2d4       22%         2
 Wereblood                Tmut           6%         N/A       22%         2
 Death Channel            Necr           23%        N/A       32%         6
 Call Canine Familiar     Summ           6%         N/A       41%         3
 Confusing Touch          Hex            6%         N/A       41%         3
 Dazzling Flash           Conj/Hex       12%        N/A       41%         3
 Frozen Ramparts          Ice            12%        1d2       41%         3
 Hailstorm                Conj/Ice       6%         3d4       41%         3
 Inner Flame              Hex/Fire       6%         N/A       41%         3
 Stone Arrow              Conj/Erth      12%        3d7       41%         3
 Summon Guardian Golem    Hex/Summ       6%         N/A       41%         3
 Tukima's Dance           Hex            6%         N/A       41%         3
 Borgnjor's Vile Clutch   Necr/Erth      13%        N/A       45%         5
 Arcjolt                  Conj/Air       10%        1d20      69%         5
 Silence                  Hex/Air        10%        N/A       69%         5
 Summon Forest            Summ/Tloc      10%        N/A       69%         5
 Animate Armour           Summ/Erth      12%        N/A       83%         4
 Cause Fear               Hex            3%         N/A       83%         4
 Flame Wave               Conj/Fire      6%         2d5       83%         4
 Fulminant Prism          Conj/Hex       3%         3d5       83%         4
 Ice Form                 Ice/Tmut       6%         N/A       83%         4
 Leda's Liquefaction      Hex/Erth       3%         N/A       83%         4
 Olgreb's Toxic Radiance  Pois           6%         N/A       83%         4
 Petrify                  Tmut/Erth      6%         N/A       83%         4
 Sticky Flame             Conj/Fire      6%         2d3       83%         4
 Summon Ice Beast         Ice/Summ       6%         N/A       83%         4
 Freezing Cloud           Conj/Ice/Air   7%         6-21      85%         5
 Simulacrum               Ice/Necr       13%        N/A       96%         6
 Alistair's Intoxication  Tmut/Pois      4%         N/A       99%         5
 Blade Hands              Tmut           3%         N/A       99%         5
 Irradiate                Conj/Tmut      3%         3d12      99%         5
 Lee's Rapid Deconstruct  Erth           3%         3d5*      99%         5
 Metabolic Englaciation   Hex/Ice        3%         N/A       99%         5
 Summon Mana Viper        Hex/Summ       6%         N/A       99%         5
 Yara's Violent Unravell  Hex/Tmut       3%         3d4       99%         5
 Plasma Beam              Fire/Air       10%        2x1d23    99%         6
 Eringya's Noxious Bog    Tmut/Pois      3%         N/A       100%        6
 Statue Form              Tmut/Erth      4%         N/A       100%        6
 Summon Cactus Giant      Summ           3%         N/A       100%        6
 Enfeeble                 Hex            3%         N/A       100%        7
 Summon Hydra             Summ           3%         N/A       100%        7
 Infestation              Necr           23%        N/A       100%        8
 Maxwell's Capacitive Co  Air            16%        ∞         100%        8
 Shatter                  Erth           3%         3d7*      100%        9


Dungeon Overview and Level Annotations

Branches:
Dungeon (15/15)            Temple (1/1) D:6            Lair (5/5) D:10
  Swamp (4/4) Lair:3        Snake (4/4) Lair:3        Slime (0/5) Lair:5
    Orc (2/2) D:10            Elf (3/3) Orc:2        Vaults (5/5) D:13
  Crypt (0/3) Vaults:3     Depths (4/4) D:15            Zot (5/5) Depths:4
 Bailey (visited)

Altars:
Ashenzari
Cheibriados
Dithmenos
Elyvilon
Fedhas
Gozag
Hepliaklqana
Kikubaaqudgha
Makhleb
Nemelex Xobeh
Okawaru
Qazlal
Ru
Sif Muna
Trog
Uskayaw
Vehumet
Wu Jian
Xom
Yredelemnul
Zin
The Shining One

Shops:
D:1 [   D:2 !   D:6 **   Orc:2 ?*[=(   Elf:1 [   Elf:2 :   Elf:3 ?
Snake:1 ::=?([!   Snake:3 (==(   Vaults:2 =   Zot:2 *   Depths:1 [

Portals:
Hell: Depths:1 Depths:2 Depths:3 Depths:4
Abyss: Depths:2 Depths:3
Pandemonium: Depths:1 Depths:2
Ziggurat: Depths:4

Annotations:
D:10 3 runed translucent doors, GeoRichter's ghost, journeyman AtFi; SharpKris's ghost, journeyman GnWn; kij's ghost, novice MiBe
D:13 1 runed translucent door
Lair:2 exclusion: oklob plant
Swamp:2 1 runed translucent door, vfn1303's ghost, adept GrFi
Elf:2 3 runed translucent doors
Depths:2 2 transporters, Byusuceo's ghost, adept TrMo
Zot:1 3 runed translucent doors, Flapstick's ghost, legendary HaBe
Zot:4 1 runed translucent door, Netemen's ghost, master GnFi


Innate Abilities, Weirdness & Mutations

You are too large for most types of armour.
You have claws for hands.
Your natural rate of healing is unusually fast.
You are covered in fur. (AC +1)
You have tough skin. (AC +1)
You are agile. (Dex +4, Str/Int -1)
You possess an exceptional clarity of mind.
You are frail. (-10% HP)
Your magical capacity is low. (-10% MP)
You are vulnerable to cold. (rC-)
Your spells are a little easier to cast, but a little less powerful.


Message History

Cheibriados thoroughly appreciates the change of pace.
HP restored.
An endoplasm comes into view.
A rakshasa comes into view. It is wielding a +0 long sword.
The rakshasa weaves an illusion.
The endoplasm shimmers and seems to become two!
You eviscerate the endoplasm!!!
You kill the endoplasm!
Cheibriados thoroughly appreciates the change of pace.
The rakshasa gestures at you. The lance of force misses you.
The endoplasm misses you. You block the rakshasa's attack.
You barely miss the rakshasa. You block the endoplasm's attack.
You block the rakshasa's attack.
You mangle the rakshasa!!
The rakshasa is heavily wounded.
The endoplasm freezes you.
You are frozen.
You resist. You block the rakshasa's attack.
You completely miss the rakshasa.
The rakshasa is heavily wounded.
You claw the rakshasa!
The rakshasa is heavily wounded.
The injured rakshasa weaves a defensive illusion!
The endoplasm freezes you.
You are frozen.
You resist. The rakshasa gestures at you.
You block lance of force... and reflect it back!
The lance of force hits the rakshasa!
You kill the rakshasa!
The rakshasa shimmers and vanishes!
You claw the rakshasa!
The rakshasa is severely wounded.
The endoplasm barely misses you. You block the rakshasa's attack.
You claw the rakshasa!
The rakshasa is severely wounded.
You mangle the rakshasa!!
You kill the rakshasa!
Cheibriados appreciates the change of pace.
The endoplasm shimmers and vanishes!
The rakshasa shimmers and vanishes!
No target in view!
No target in view!
No target in view!
There is an open door here.
A blizzard demon comes into view.
The blizzard demon gestures at you. The bolt of lightning misses you.
The blizzard demon waves its arms in wide circles.
The air twists around and strikes you!
There is a staircase leading out of the dungeon here.
You have escaped!

#.....#.########.#.#...# ###...
#.#......#.......#.....# #...
#.#...##.############..######...
##.#..)##.###.......###.#......##
...#...##.##...[.....##.'......##
..........#.....8.....#.#......##
...##..##....8..8..8....#.#######
...##.....#.....2.....#.#.# #####
...###.##.##....@....##.#.# #....
#### #.##.###.......###.#.# #...#
##.##.############..#.###...#
#.........# ##......)..).
#...###.### #..##.###..~^ #...#
#.# #..##.# #.≈~.
###...###.#########..##.# #.≈≈∩
#...........)........##.# ##≈≈≈
#.#..####.#.#######..##.# ###≈≈


You could see a blizzard demon.

Vanquished Creatures
  A dread lich (Zot:5)
  9 orbs of fire
  3 ancient liches (Zot:5)
  A pandemonium lord (D:1)
  Saint Roka (Depths:3)
  5 Killer Klowns
  Margery (Vaults:5)
  Vashnia (Snake:4)
  Xtahua (Depths:4)
  2 curse toes (Zot:2)
  6 golden dragons
  Nikola (Elf:3)
  2 bone dragons
  A Tzitzimitl (Depths:4)
  2 doom hounds (Depths:4)
  2 electric golems (Zot:5)
  18 Orb Guardians
  18 tentacled monstrosities
  Mlioglotl (Swamp:2)
  A walking earthen tome (Depths:4)
  4 deep elf blademasters (Elf:3)
  2 walking crystal tomes (Depths:3)
  2 deep elf master archers (Elf:3)
  3 liches
  2 walking frostbound tomes (Depths:3)
  8 quicksilver dragons
  4 sphinxes
  3 titans (Vaults:5)
  Grunn (Depths:4)
  An Executioner (Abyss:2)
  5 death cobs
  17 storm dragons
  8 shadow dragons
  6 tengu reavers
  A daeva (Zot:5)
  Kirke (Lair:4)
  Donald (Vaults:1)
  11 draconian monks
  6 nagarajas
  A fenstrider witch (Swamp:3)
  5 draconian knights
  3 draconian scorchers
  The ghost of ChadusMaximus the Convoker, an adept BaSu of Hepliaklqana (D:12)
  8 frost giants
  4 fire giants
  9 vault wardens
  2 iron dragons
  4 deep elf sorcerers
  2 ghost moths
  14 draconian shifters
  5 orc warlords
  4 deep elf elementalists (Elf:3)
  2 balrugs (Depths:4)
  A war gargoyle (Vaults:3)
  A spriggan defender (Depths:2)
  2 draconian annihilators
  19 stone giants
  A cacodemon (Abyss:2)
  4 draconian stormcallers
  13 ironbound preservers
  9 ironbound thunderhulks
  2 reapers
  8 green draconians
  3 vampire knights
  30 very ugly things
  6 deep elf demonologists
  9 dire elephants
  A lorocyproca (Depths:1)
  12 purple draconians
  2 eleionomae
  11 white draconians
  A putrid mouth (Depths:4)
  13 black draconians
  Nessos (D:14)
  6 yellow draconians
  8 deep elf annihilators
  5 bunyips
  8 red draconians
  3 blizzard demons
  5 deep elf death magi
  2 crystal guardians (Vaults:2)
  2 green deaths (Swamp:4)
  A merfolk javelineer (Depths:2)
  13 yaktaur captains
  2 shambling mangroves (Swamp:4)
  A merfolk impaler (Depths:1)
  12 ettins
  8 fire dragons
  An entropy weaver (Vaults:3)
  13 great orbs of eyes
  6 ice dragons
  6 deep elf high priests
  2 catoblepae (Lair:5)
  Erica (Orc:1)
  12 hydras
  3 rakshasas
  2 ghost crabs
  4 peacekeepers
  4 hell beasts
  A jorogumo (shapeshifter) (Vaults:5)
  29 vault guards
  Erolcha (D:12)
  3 salamander tyrants
  7 spriggan air magi
  7 ironbound frosthearts
  11 anacondas
  12 alligators
  10 centaur warriors
  17 dancing weapons
  7 boulder beetles
  9 tengu warriors
  5 deep troll shamans
  10 two-headed ogres
  4 death yaks (Lair:5)
  3 deep troll earth magi
  4 spriggan berserkers
  A hell hog (Depths:1)
  16 naga sharpshooters
  10 naga warriors
  3 orc high priests (Orc:2)
  A vampire mage (Depths:1)
  9 hell knights
  7 shock serpents
  5 deep elf knights
  A soul eater (Depths:1)
  A skyshark (Lair:5)
  Sonja (D:10)
  16 spriggans
  4 sun demons
  Amaemon (D:10)
  4 skeletal warriors
  4 wretched stars
  14 goliath frogs
  8 iron trolls
  3 salamander mystics
  3 sixfirhies
  42 deep trolls
  3 flayed ghosts
  12 large abominations
  5 spriggan druids
  A spriggan rider (Depths:4)
  7 swamp dragons
  9 wizards
  2 necromancers
  6 glowing orange brains
  10 bog bodies
  3 naga ritualists
  19 ironbound convokers
  24 deep elf pyromancers
  21 deep elf zephyrmancers
  5 deep elf archers
  6 lindwurms (Vaults:2)
  Pikel (D:4)
  4 harpies (Vaults:1)
  16 orc knights
  5 phantasmal warriors (Vaults:5)
  10 mana vipers
  24 salamanders
  A stone giant zombie (Vaults:5)
  A salamander (shapeshifter) (Depths:2)
  60 ugly things
  7 orc sorcerers
  A shining eye (shapeshifter) (Vaults:2)
  3 will-o-the-wisps
  9 cyclopes
  A moth of wrath (shapeshifter) (Depths:2)
  A worldbinder (Abyss:2)
  5 guardian serpents
  7 manticores
  A manticore (shapeshifter) (Depths:3)
  2 rust devils (Depths:2)
  Maurice (Orc:2)
  20 elephants
  2 apocalypse crabs (Abyss:2)
  15 moths of wrath
  23 vault sentinels
  38 black mambas
  A demonic crawler (Zot:3)
  3 cane toads
  A yaktaur zombie (Vaults:5)
  6 orange demons
  16 naga magi
  A hellion (Abyss:3)
  10 komodo dragons
  6 rime drakes
  15 yaktaurs
  4 freezing wraiths
  3 kobold demonologists
  2 tormentors
  4 ancient zymes (Abyss:2)
  An efreet (D:14)
  6 ice devils
  A tengu conjurer (D:14)
  6 trolls
  A meliai (D:14)
  A tyrant leech (shapeshifter) (Elf:3)
  A polar bear (Lair:5)
  19 hornets
  A raiju (Abyss:3)
  9 blink frogs
  11 tyrant leeches
  A dream sheep (shapeshifter) (D:15)
  29 slime creatures
  2 vampires
  6 centaur simulacra (D:12)
  9 small abominations
  2 spriggans (shapeshifter)
  2 shadows
  A water elemental (Depths:1)
  7 wyverns
  2 ynoxinuls
  2 air elementals
  2 wraiths
  4 fire bats (Depths:4)
  2 basilisks (shapeshifter)
  A human (shapeshifter) (Depths:2)
  26 yaks
  5 basilisks
  A hog (Lair:4)
  2 neqoxecs (Abyss:2)
  A redback (Vaults:3)
  3 steam dragons
  7 vampire mosquitoes
  A redback (shapeshifter) (D:14)
  3 chaos spawn
  5 wargs
  16 swamp worms
  60 nagas
  An acid dragon (D:8)
  3 swamp drakes (Swamp:2)
  15 water moccasins
  2 meliai simulacra (D:12)
  48 orc warriors
  An ice beast (shapeshifter) (Depths:2)
  2 black bears
  A black bear (shapeshifter) (Depths:2)
  4 boggarts (Vaults:3)
  15 ogres
  14 wolves
  5 centaurs
  A lemure (D:4)
  4 kobold brigands
  15 bullfrogs
  3 gnoll sergeants
  3 scorpions
  6 wights (D:9)
  3 killer bees (D:10)
  2 howler monkeys (D:9)
  11 electric eels
  5 hounds
  Crazy Yiuf (D:5)
  28 orc priests
  33 starcursed masses
  4 jellies
  37 orc wizards
  3 sleepcaps
  7 hell rats (Lair:3)
  4 iguanas
  An ogre zombie (Orc:1)
  29 gnolls
  12 adders
  2 white imps
  A worm (D:2)
  3 dart slugs (D:4)
  125 orcs
  7 ball pythons
  5 endoplasms
  4 giant cockroaches
  A goblin (shapeshifter) (Vaults:5)
  17 goblins
  16 hobgoblins
  11 jackals
  10 kobolds
  A quokka (D:4)
  4 bats
  3 frilled lizards (D:1)
  3 rats
  A lurking horror (Abyss:3)
2059 creatures vanquished.

Vanquished Creatures (collateral kills)
  An ancient lich (Vaults:5)
  A doom hound (Depths:4)
  An electric golem (Zot:2)
  7 Orb Guardians (Zot:5)
  3 draconian scorchers
  2 vault wardens (Vaults:5)
  A deep elf sorcerer (Vaults:5)
  A draconian shifter (Zot:1)
  3 very ugly things
  A spriggan defender (Depths:2)
  A green draconian (Zot:5)
  A red draconian (Zot:1)
  2 white draconians
  2 ettins
  3 fire dragons
  A deep elf high priest (Vaults:5)
  4 ice dragons
  A rakshasa (Depths:3)
  A vault guard (Vaults:5)
  2 ogre magi (Vaults:5)
  A tengu warrior (Depths:2)
  A deep troll shaman (Depths:4)
  A spriggan berserker (Depths:4)
  A hell hog (Abyss:3)
  2 hell knights
  A deep troll (Depths:4)
  An ironbound convoker (Vaults:5)
  2 ugly things (Depths:2)
  3 moths of wrath
  A hornet (Depths:2)
  A spriggan (Depths:2)
  A water elemental (Depths:1)
  A human zombie (Vaults:5)
  3 orcs (Depths:4)
59 creatures vanquished.

Vanquished Creatures (others)
  2 very ugly thing zombies
  A quicksilver dragon zombie (Zot:2)
  4 Orb Guardian zombies (Zot:5)
  A titan zombie (Vaults:5)
  3 storm dragon zombies
  A deep elf knight (Elf:2)
  2 golden dragon zombies
  2 tengu zombies (Vaults:5)
  3 deep elf zephyrmancers
  A jorogumo zombie (Vaults:5)
  A shadow dragon zombie (Vaults:5)
  4 deep elf pyromancers
  A sphinx zombie (Vaults:5)
  A fire giant zombie (Depths:4)
  14 human zombies (Vaults:5)
  A frost giant zombie (Depths:2)
  6 ugly thing zombies (Depths:2)
  5 draconian zombies
  2 stone giant zombies (Vaults:5)
  A green draconian zombie (Zot:4)
  A black draconian zombie (Zot:4)
  2 red draconian zombies
  An unseen horror (shapeshifter) (Elf:2)
  A purple draconian zombie (Zot:1)
  A yaktaur zombie (Vaults:5)
  A bloated husk (Swamp:1)
  A demonic crawler zombie (Zot:3)
  2 moth of wrath zombies (Zot:3)
  5 deep troll zombies
  4 fire dragon zombies
  An ice dragon zombie (Depths:4)
  2 elf zombies (Vaults:5)
  A human (Lair:4)
  An ogre zombie (Vaults:5)
  A hornet zombie (Depths:2)
  4 spriggan zombies
  A quokka (Depths:4)
  3 orc zombies (Depths:4)
  7 foxfires (Swamp:1)
  A lurking horror (Abyss:2)
97 creatures vanquished.

Grand Total: 2215 creatures vanquished

Notes
Turn   | Place    | Note
-------+----------+-------------------------------------------
     0 | D:1      | GeoRichter the Troll Monk began the quest for the Orb.
     0 | D:1      | Reached XP level 1. HP: 22/22 MP: 0/0
   102 | D:1      | Reached XP level 2. HP: 29/29 MP: 1/1
   207 | D:1      | Found Faetoyg's Armour Shop.
   287 | D:1      | Reached XP level 3. HP: 36/36 MP: 2/2
   401 | D:1      | Found a faded altar of an unknown god.
   465 | D:1      | Reached skill level 4 in Unarmed Combat
   865 | D:2      | Found a white marble altar of Elyvilon.
   865 | D:2      | Found Tiafunwi's Distillery.
   875 | D:2      | Bought a potion of curing for 36 gold pieces
  1031 | D:2      | Reached XP level 4. HP: 40/45 MP: 3/3
  1297 | D:2      | Bought a potion of might for 48 gold pieces
  2069 | D:3      | Found a hazy altar of Hepliaklqana.
  2103 | D:3      | Found a shimmering blue altar of Sif Muna.
  2417 | D:4      | Noticed a bullfrog
  2486 | D:4      | Reached skill level 5 in Unarmed Combat
  2486 | D:4      | Reached XP level 5. HP: 39/53 MP: 4/4
  2556 | D:4      | Found a white marble altar of Elyvilon.
  2595 | D:4      | Reached XP level 6. HP: 52/62 MP: 5/5
  2629 | D:4      | Reached skill level 6 in Unarmed Combat
  2701 | D:4      | Noticed Pikel
  2733 | D:4      | Killed Pikel
  2734 | D:4      | Reached skill level 7 in Unarmed Combat
  2734 | D:4      | Reached XP level 7. HP: 58/71 MP: 6/6
  3121 | D:4      | Reached skill level 5 in Fighting
  3121 | D:4      | Reached skill level 8 in Unarmed Combat
  3126 | D:4      | Reached XP level 8. HP: 71/80 MP: 7/7
  3408 | D:5      | Entered Level 5 of the Dungeon
  3488 | D:5      | Found a basalt altar of Yredelemnul.
  3527 | D:5      | Found a radiant altar of Vehumet.
  3784 | D:5      | Reached skill level 9 in Unarmed Combat
  3943 | D:5      | Found a runed translucent door.
  3944 | D:5      | Noticed Crazy Yiuf
  4339 | D:5      | Killed Crazy Yiuf
  4401 | D:6      | Reached skill level 1 in Shields
  4490 | D:6      | Found Hovvu's General Store.
  4492 | D:6      | Found Nejoetiwn's Specific Store.
  4711 | D:6      | Reached XP level 9. HP: 89/89 MP: 8/8
  4746 | D:6      | Reached skill level 10 in Unarmed Combat
  4796 | D:6      | Found a staircase to the Ecumenical Temple.
  4814 | Temple   | Entered the Ecumenical Temple
  4814 | Temple   | Found a transporter.
  4814 | Temple   | Found a transporter.
  4816 | Temple   | Found a transporter.
  4816 | Temple   | Found a transporter.
  4892 | D:6      | Found an iron altar of Okawaru.
  5035 | D:6      | Found an ancient bone altar of Kikubaaqudgha.
  5176 | D:7      | Reached skill level 1 in Throwing
  5723 | D:7      | Identified a scroll of acquirement
  5723 | D:7      | Acquired the ring of Sofianan {rPois rF+ Str+2}
  5747 | D:8      | Found a snail-covered altar of Cheibriados.
  5794 | D:8      | Reached skill level 11 in Unarmed Combat
  5982 | D:8      | Reached XP level 10. HP: 82/100 MP: 6/9
  6316 | D:8      | Found a flagged portal.
  6327 | Bailey   | Entered a bailey
  6723 | Bailey   | Noticed an orc knight
  6744 | Bailey   | Killed an orc knight
  6828 | Bailey   | Acquired a manual of Unarmed Combat
  6868 | Bailey   | Found an iron altar of Okawaru.
  6868 | Bailey   | Noticed an orc sorcerer
  6868 | Bailey   | Noticed an orc sorcerer
  7034 | D:9      | Reached skill level 12 in Unarmed Combat
  7042 | D:9      | Reached skill level 5 in Shields
  7150 | D:9      | Found a sacrificial altar of Ru.
  7781 | D:8      | Became a worshipper of Cheibriados the Contemplative
  7781 | D:8      | Reached * piety under Cheibriados
  7781 | D:8      | Reached ** piety under Cheibriados
  7965 | D:1      | Bought the +3 hat of Pondering {ponderous, Will+ MP+10
                  | Int+5} for 457 gold pieces
  7965 | D:1      | Found the +3 hat of Pondering {ponderous, Will+ MP+10
                  | Int+5}
  8118 | D:10     | Entered Level 10 of the Dungeon
  8118 | D:10     | Noticed Sonja
  8126 | D:10     | Killed Sonja
  8152 | D:10     | Noticed a two-headed ogre
  8160 | D:10     | Reached XP level 11. HP: 110/111 MP: 10/10
  8166 | D:10     | Killed a two-headed ogre
  8167 | D:10     | Reached skill level 13 in Unarmed Combat
  8167 | D:10     | Reached skill level 1 in Invocations
  8209 | D:10     | Noticed Amaemon
  8221 | D:10     | Killed Amaemon
  8275 | D:10     | Found a runed translucent gate.
  8339 | D:10     | Found a staircase to the Orcish Mines.
  8425 | D:10     | Found a stormy altar of Qazlal.
  8456 | D:10     | Reached skill level 5 in Throwing
  8488 | D:10     | Found a runed translucent gate.
  8488 | D:10     | Found a runed translucent gate.
  8489 | D:10     | Noticed GeoRichter's ghost (journeyman AtFi)
  8489 | D:10     | Noticed kij's ghost (novice MiBe)
  8489 | D:10     | Noticed SharpKris's ghost (journeyman GnWn)
  8575 | D:10     | Found a broken altar of Ashenzari.
  8580 | D:10     | Saw a vision of the Swamp and the Snake Pit.
  8580 | D:10     | Noticed an eleionoma
  8580 | D:10     | Noticed a spriggan druid
  8580 | D:10     | Noticed an alligator
  8580 | D:10     | Noticed a naga sharpshooter
  8581 | D:10     | Noticed a shock serpent
  8823 | D:10     | Found a staircase to the Lair.
  8860 | Lair:1   | Entered Level 1 of the Lair of Beasts
  9296 | Lair:1   | Reached *** piety under Cheibriados
  9367 | Lair:1   | Reached skill level 14 in Unarmed Combat
  9995 | Lair:2   | Found a shimmering blue altar of Sif Muna.
  9995 | Lair:2   | Noticed an oklob plant
 10471 | Lair:3   | Reached **** piety under Cheibriados
 10595 | Lair:3   | Noticed a seven-headed hydra
 10715 | Lair:3   | Found a staircase to the Snake Pit.
 10759 | Lair:3   | Reached XP level 12. HP: 123/123 MP: 13/13
 10913 | Lair:3   | Found a staircase to the Swamp.
 10956 | Lair:3   | Killed a seven-headed hydra
 11559 | Lair:4   | Reached skill level 15 in Unarmed Combat
 11636 | Lair:4   | Noticed Kirke
 11645 | Lair:4   | Killed Kirke
 11646 | Lair:4   | Reached skill level 10 in Fighting
 11922 | Lair:4   | Reached ***** piety under Cheibriados
 12056 | Lair:4   | Noticed a four-headed hydra
 12063 | Lair:4   | Killed a four-headed hydra
 12106 | Lair:4   | Reached skill level 5 in Invocations
 12408 | Lair:4   | Reached skill level 1 in Armour
 12451 | Lair:4   | Found the +8 whip "Snakebite" {venom, curare, rPois}
 12592 | Lair:5   | Entered Level 5 of the Lair of Beasts
 12592 | Lair:5   | Noticed a boulder beetle
 12749 | Lair:4   | Killed a boulder beetle
 12821 | Lair:5   | Reached skill level 16 in Unarmed Combat
 12844 | Lair:5   | Reached XP level 13. HP: 125/136 MP: 16/16
 13145 | Lair:5   | Found a staircase to the Slime Pits.
 13593 | Lair:5   | Reached ****** piety under Cheibriados
 13871 | Lair:5   | Noticed a dire elephant
 13892 | Lair:5   | Killed a dire elephant
 15139 | D:12     | Noticed Erolcha
 15143 | D:12     | Killed Erolcha
 15190 | D:12     | Found a runed translucent gate.
 15191 | D:12     | Found a runed translucent gate.
 15195 | D:12     | Found a runed translucent gate.
 15222 | D:12     | Noticed ChadusMaximus's ghost (adept BaSu)
 15222 | D:12     | Noticed a blizzard demon
 15247 | D:12     | Reached skill level 5 in Dodging
 15291 | D:12     | Reached XP level 14. HP: 129/149 MP: 18/18
 15521 | D:12     | Found a portal to a secret trove of treasure.
 15880 | Orc:1    | Entered Level 1 of the Orcish Mines
 15880 | Orc:1    | Noticed an orc warlord
 15909 | D:10     | Killed an orc warlord
 16528 | Orc:1    | Got the Notes on the Entranced Gargoyle
 16929 | Orc:2    | Entered Level 2 of the Orcish Mines
 16980 | Orc:2    | Noticed Maurice
 17032 | Orc:2    | Killed Maurice
 17077 | Orc:2    | Found a staircase to the Elven Halls.
 17187 | Orc:1    | Reached skill level 5 in Armour
 17474 | Orc:2    | Noticed an orc warlord
 17487 | Orc:2    | Killed an orc warlord
 17809 | Orc:2    | Found Teoros's Antique Armour Emporium.
 17810 | Orc:2    | Found Wep Ydoclaink's Antique Weapon Shoppe.
 17812 | Orc:2    | Found Sunkoneh's General Store.
 17812 | Orc:2    | Found Keadufid's Jewellery Emporium.
 17818 | Orc:2    | Bought the ring of Panentheism {Will+ AC+4} for 583 gold
                  | pieces
 17985 | Orc:2    | Found Athy's Magic Scroll Emporium.
 18029 | Orc:1    | Noticed Erica
 18045 | Orc:1    | Killed Erica
 18302 | D:12     | Reached skill level 17 in Unarmed Combat
 18471 | D:12     | Killed ChadusMaximus's ghost
 18700 | D:13     | Found a gate to the Vaults.
 18721 | D:13     | Reached XP level 15. HP: 161/161 MP: 20/20
 19150 | D:13     | Found a runed translucent door.
 19353 | D:13     | Found a sparkling altar of Nemelex Xobeh.
 19816 | D:14     | Noticed Nessos
 19838 | D:14     | Killed Nessos
 20141 | D:14     | Noticed a frost giant
 20156 | D:14     | Killed a frost giant
 20583 | D:14     | Noticed a sphinx
 20588 | D:14     | Killed a sphinx
 20589 | D:14     | Found the +7 mace of Variability {chaos, chaos arc}
 21041 | D:15     | Entered Level 15 of the Dungeon
 21305 | D:15     | Found a staircase to the Depths.
 21668 | D:15     | Reached XP level 16. HP: 172/172 MP: 21/21
 22344 | D:2      | Bought a potion of cancellation for 96 gold pieces
 22344 | D:2      | Bought a potion of resistance for 120 gold pieces
 22575 | Snake:1  | Entered Level 1 of the Snake Pit
 22848 | Snake:1  | Found Vesystocs's Jewellery Emporium.
 22849 | Snake:1  | Found Yclikik's Book Shop.
 22849 | Snake:1  | Found Majusyu's Book Shop.
 23438 | Snake:1  | Found Rueph's Magic Scroll Emporium.
 23440 | Snake:1  | Found Dadyrpha's Weapon Shop.
 23450 | Snake:1  | Bought a scroll of fear for 64 gold pieces
 23450 | Snake:1  | Bought a scroll of fear for 64 gold pieces
 23460 | Snake:1  | Found Vujubig's Armour Shop.
 23460 | Snake:1  | Found Lompas's Distillery.
 23473 | Snake:1  | Bought a potion of might for 72 gold pieces
 23473 | Snake:1  | Bought a potion of might for 72 gold pieces
 23473 | Snake:1  | Bought a potion of cancellation for 144 gold pieces
 24126 | Snake:2  | Identified the +9 rapier of an ossuary {heavy, rElec Str+3}
 24948 | Snake:3  | Found Wirecs's Jewellery Emporium.
 24951 | Snake:3  | Found Jepuul's Weapon Shoppe.
 24951 | Snake:3  | Found Fucocioj's Antique Weapon Emporium.
 24984 | Snake:3  | Bought the amulet "Visour" {Reflect rC+++ Str+4 Slay-2
                  | SH+5} for 792 gold pieces
 24995 | Snake:3  | Found Yfannu's Jewellery Shoppe.
 25488 | Swamp:1  | Entered Level 1 of the Swamp
 25505 | Swamp:1  | Reached skill level 10 in Invocations
 25513 | Swamp:1  | Reached skill level 15 in Fighting
 25523 | Lair:3   | Reached skill level 18 in Unarmed Combat
 25941 | Swamp:1  | Reached XP level 17. HP: 171/179 MP: 23/23
 26522 | Swamp:2  | Noticed Mlioglotl
 26528 | Swamp:2  | Killed Mlioglotl
 26690 | Swamp:2  | Found a runed translucent door.
 26693 | Swamp:2  | Noticed vfn1303's ghost (adept GrFi)
 26693 | Swamp:2  | Identified the +6 trident "Otumma" {venom, Str+2}
 27469 | Swamp:3  | Identified the +3 sling "Jofidaim" {elec, Will+ Dex+2}
 27880 | Elf:1    | Entered Level 1 of the Elven Halls
 28206 | Elf:1    | Found Muebig's Antique Armour Emporium.
 28261 | Elf:1    | Paralysed by an air elemental for 1 turns
 28268 | Elf:1    | Paralysed by an air elemental for 1 turns
 28367 | Elf:1    | Got Xosokhlot's Notes on the Retinue
 28852 | Elf:2    | Found Icias's Book Boutique.
 28921 | Elf:2    | Found a flickering gateway to a bazaar.
 28930 | Bazaar   | Entered a bazaar
 28936 | Bazaar   | Found Rytanew's Book Shop.
 28936 | Bazaar   | Found Axtiol's Jewellery Boutique.
 29208 | Elf:2    | Found a runed translucent gate.
 29209 | Elf:2    | Found a runed translucent gate.
 29209 | Elf:2    | Found a runed translucent gate.
 29402 | Elf:3    | Entered Level 3 of the Elven Halls
 29402 | Elf:3    | Noticed Nikola
 29662 | Elf:2    | Reached XP level 18. HP: 195/196 MP: 25/25
 29915 | Elf:3    | Paralysed by an air elemental for 1 turns
 30160 | Elf:3    | Killed Nikola
 30283 | Elf:3    | Identified the amulet "Nofoejunt" {Spirit rCorr Dex+2 SInv
                  | Stlth-}
 30294 | Elf:3    | Identified the +2 robe of the Iron City of Dis {rCorr}
 30636 | Elf:3    | Identified the +2 mace "Huyfones" {flame, Fly rPois Str+6}
 30706 | Elf:3    | Found Vyqur's Magic Scroll Emporium.
 30710 | Elf:3    | Bought a scroll of enchant armour for 90 gold pieces
 30710 | Elf:3    | Bought a scroll of blinking for 90 gold pieces
 30710 | Elf:3    | Bought a scroll of fear for 48 gold pieces
 30731 | Elf:3    | Identified the +7 spear "Jealyach" {venom, rElec rPois}
 30865 | Elf:3    | Noticed a Hell Sentinel
 30977 | Elf:3    | Identified the +5 short sword of Miureq {heavy, Dex+3}
 30988 | Elf:3    | Identified the +0 crystal plate armour of Eternal Vigilance
                  | {-Tele Dex+4}
 31130 | Elf:3    | Identified the +1 scale mail "Aladi" {Int+3 SInv}
 31403 | Elf:3    | Found the +2 hood of the Assassin {Detect Stab+ Stlth++}
 31407 | Elf:3    | Got the Anthology of the Mortuary
 31438 | Elf:3    | Identified the +2 dagger of Prudence {freeze, Str+2}
 31441 | Elf:3    | Identified the +8 sling of Duqoobbo {speed, Contam Dex+4}
 31813 | Swamp:4  | Entered Level 4 of the Swamp
 31968 | Swamp:4  | Paralysed by a hornet for 3 turns
 32280 | Swamp:4  | Noticed a tentacled monstrosity
 32293 | Swamp:4  | Killed a tentacled monstrosity
 32630 | Swamp:4  | Reached skill level 19 in Unarmed Combat
 32636 | Swamp:4  | Reached skill level 10 in Dodging
 32889 | Swamp:4  | Reached XP level 19. HP: 206/206 MP: 26/26
 32993 | Swamp:4  | Got a decaying rune of Zot
 33342 | Snake:4  | Entered Level 4 of the Snake Pit
 33629 | Snake:4  | Noticed Vashnia
 34229 | Snake:4  | Killed Vashnia
 34245 | Snake:4  | Reached skill level 10 in Armour
 34524 | Snake:4  | Reached skill level 10 in Throwing
 35081 | Snake:4  | Got a serpentine rune of Zot
 35641 | Vaults:1 | Entered Level 1 of the Vaults
 35909 | Vaults:1 | Noticed Donald
 35929 | Vaults:1 | Killed Donald
 37819 | Vaults:2 | Gained mutation: You are clumsy. (Dex -2) [a shining eye]
 38026 | Vaults:2 | Reached XP level 20. HP: 162/191 MP: 28/28
 38444 | Vaults:2 | Learned a level 3 spell: Vhi's Electric Charge
 38453 | Vaults:2 | Learned a level 4 spell: Animate Dead
 38619 | Vaults:2 | Reached skill level 1 in Translocations
 38715 | Vaults:2 | Reached skill level 1 in Air Magic
 38724 | Vaults:2 | Reached skill level 1 in Spellcasting
 38766 | Vaults:2 | Found Kifoir's Jewellery Shoppe.
 39732 | Vaults:3 | Reached skill level 5 in Translocations
 40067 | Vaults:3 | Found a staircase to the Crypt.
 40686 | Vaults:4 | Reached XP level 21. HP: 224/226 MP: 29/29
 41018 | Vaults:4 | Reached skill level 1 in Necromancy
 41652 | Depths:1 | Entered Level 1 of the Depths
 41652 | Depths:1 | Found a one-way gate leading to the halls of Pandemonium.
 41652 | Depths:1 | Found a hide-covered altar of Uskayaw.
 41928 | D:12     | You paid a toll of 6 scrolls of fog to enter a treasure
                  | trove
 41929 | Trove    | Entered a treasure trove
 41949 | Trove    | Identified the +0 cloak "Voidd" {Str+3}
 41971 | Trove    | Identified the amulet "Ysipt" {RegenMP rC+}
 41972 | Trove    | Identified the amulet "Ammion" {Reflect Harm rC+ SH+5}
 41983 | Trove    | Acquired a manual of Air Magic
 42261 | Abyss:2  | Cast into level 2 of the Abyss (hell knight)
 42470 | Abyss:2  | Found a corrupted altar of Lugonu.
 42508 | Abyss:2  | Found a hide-covered altar of Uskayaw.
 42517 | Abyss:2  | Found a corrupted altar of Lugonu.
 42553 | Abyss:2  | Paralysed by accursed screaming for 1 turns
 42557 | Abyss:2  | Paralysed by accursed screaming for 1 turns
 42600 | Abyss:2  | Reached skill level 5 in Necromancy
 42688 | Depths:1 | Escaped the Abyss
 42695 | Depths:1 | Reached skill level 5 in Spellcasting
 42768 | Depths:1 | Found Rugunk's Armour Emporium.
 42965 | Depths:1 | You fall into a shaft and drop 1 floor!
 43077 | Depths:2 | Found a one-way gate to the infinite horrors of the Abyss.
 43079 | Depths:2 | Found a gateway to Hell.
 43133 | Depths:2 | Found a flickering gateway to a bazaar.
 43146 | Bazaar   | Entered a bazaar
 43146 | Bazaar   | Found Jaud's General Store.
 43146 | Bazaar   | Found Weson's General Store.
 43149 | Bazaar   | Bought a potion of mutation for 128 gold pieces
 43149 | Bazaar   | Bought a potion of resistance for 160 gold pieces
 43167 | Bazaar   | Found Jaddugh's General Store.
 43167 | Bazaar   | Found Geriz's General Store.
 43189 | Bazaar   | Found Qecuoz's General Store.
 43189 | Bazaar   | Found Joezaacw's General Store.
 43211 | Bazaar   | Found Nouciec's General Store.
 43211 | Bazaar   | Found Deble's General Store.
 43240 | Bazaar   | Bought a potion of heal wounds for 60 gold pieces
 43258 | Bazaar   | Bought a potion of heal wounds for 70 gold pieces
 43788 | Depths:2 | Found a transporter.
 43794 | Depths:2 | Noticed Byusuceo's ghost (adept TrMo)
 43796 | Depths:2 | Noticed a caustic shrike
 43799 | Depths:2 | Noticed a golden dragon
 43837 | Depths:2 | Found a transporter.
 44787 | Depths:3 | Reached XP level 22. HP: 232/237 MP: 30/30
 44946 | Depths:3 | Found a flickering gateway to a bazaar.
 44955 | Bazaar   | Entered a bazaar
 44958 | Bazaar   | Found Emakesh's Antique Armour Boutique.
 44969 | Bazaar   | Found Beoc Cup's Antique Weapon Shop.
 44983 | Bazaar   | Found Vaovuxeck's Antique Weapon Shop.
 44995 | Bazaar   | Found Jiqo's Weapon Shop.
 45198 | Depths:3 | Noticed a golden dragon
 45207 | Depths:3 | Killed a golden dragon
 45211 | Depths:3 | Noticed a golden dragon
 45219 | Depths:3 | Killed a golden dragon
 45381 | Depths:3 | Noticed a golden dragon
 45387 | Depths:3 | Killed a golden dragon
 45434 | Depths:3 | Found a broken altar of Ashenzari.
 45693 | Depths:3 | Reached skill level 10 in Necromancy
 46028 | Depths:4 | Entered Level 4 of the Depths
 46033 | Depths:4 | Noticed Saint Roka
 46062 | Depths:3 | Killed Saint Roka
 46192 | Depths:4 | Noticed an ancient lich
 46193 | Depths:4 | Found a one-way gateway to a ziggurat.
 46298 | Depths:4 | Noticed Grunn
 46310 | Depths:4 | Found a white marble altar of Elyvilon.
 46335 | Depths:4 | Reached skill level 5 in Air Magic
 46555 | Depths:4 | Noticed Xtahua
 46979 | Vaults:5 | Entered Level 5 of the Vaults
 46992 | Vaults:5 | Noticed a golden dragon
 47001 | Vaults:5 | Reached skill level 20 in Unarmed Combat
 47004 | Vaults:5 | Killed a golden dragon
 47012 | Vaults:5 | Noticed Margery
 47093 | Vaults:5 | Reached XP level 23. HP: 207/247 MP: 32/32
 47192 | Vaults:5 | Found the +8 demon trident "Rift" {distort, reach+}
 47254 | Vaults:5 | Noticed an ancient lich
 47261 | Vaults:5 | Killed an ancient lich
 47275 | Vaults:5 | Reached skill level 10 in Shields
 47358 | Vaults:5 | Identified the +8 great sword "Waifia Epane" {freeze, rF++
                  | Int-4}
 47366 | Vaults:5 | Got a silver rune of Zot
 47514 | Vaults:5 | Killed Margery
 47519 | Vaults:5 | Identified the +5 chain mail of the Gusle {rElec}
 47526 | Vaults:5 | Your ally Margery died
 47552 | Vaults:5 | Identified the amulet "Waimyrai" {RegenMP *Slow Int+5}
 48087 | Vaults:5 | Identified the +7 lajatang "Tycseozy" {flame, Int+3}
 48995 | Depths:4 | Killed Xtahua
 49037 | Depths:4 | Your ally Xtahua died
 49038 | Depths:4 | Killed Grunn
 49061 | Depths:4 | Found a gate to the Realm of Zot.
 49233 | Depths:4 | Found an ancient bone altar of Kikubaaqudgha.
 49525 | Zot:1    | Entered Level 1 of the Realm of Zot
 49525 | Zot:1    | Noticed a Killer Klown
 49525 | Zot:1    | Noticed Flapstick's ghost (legendary HaBe)
 49528 | Zot:1    | Found a runed translucent gate.
 49528 | Zot:1    | Found a runed translucent gate.
 49528 | Zot:1    | Found a runed translucent gate.
 49969 | Zot:1    | Reached XP level 24. HP: 217/258 MP: 32/32
 50041 | Zot:1    | Noticed an orb of fire
 50047 | Zot:1    | Killed an orb of fire
 50163 | Zot:1    | Identified the amulet of Binuxko {Reflect Slay+3 SH+5}
 50772 | Zot:2    | Found Lybaumaf's CLEARANCE SALE!.
 50795 | Zot:2    | Bought 3 scrolls of fog for 36 gold pieces
 51539 | Zot:3    | Noticed a Killer Klown
 51546 | Zot:2    | Killed a Killer Klown
 51770 | Zot:3    | HP: 9/260 [yellow draconian annihilator/poison arrow[a
                  | black draconian knight] (10)]
 51775 | Zot:2    | HP: 9/260 [poisoned by a yellow draconian annihilator
                  | (poison arrow)]
 51780 | Zot:2    | HP: 12/260 [poisoned by a yellow draconian annihilator
                  | (poison arrow)]
 52177 | Zot:2    | Reached skill level 21 in Unarmed Combat
 52372 | Abyss:3  | Cast into level 3 of the Abyss (black draconian knight)
 52381 | Abyss:3  | Paralysed by accursed screaming for 2 turns
 52596 | Zot:3    | Escaped the Abyss
 52812 | Zot:3    | Identified the +1 sling of the Secret Leylines {heavy, rF++
                  | rC+ Str-4 Dex-3}
 53179 | Zot:4    | Noticed an orb of fire
 53185 | Zot:4    | Gained mutation: Your spells are a little easier to cast,
                  | but a little less powerful. [an orb of fire]
 53193 | Zot:4    | Killed an orb of fire
 53778 | Zot:4    | Found a runed translucent door.
 53778 | Zot:4    | Found a shimmering altar of Xom.
 53778 | Zot:4    | Noticed Netemen's ghost (master GnFi)
 54084 | Zot:5    | Entered Level 5 of the Realm of Zot
 54401 | Zot:5    | Reached XP level 25. HP: 253/270 MP: 32/32
 54676 | Zot:5    | Noticed a Killer Klown
 54697 | Zot:5    | Killed a Killer Klown
 54830 | Zot:5    | Noticed an orb of fire
 54883 | Zot:5    | Noticed an orb of fire
 54883 | Zot:5    | Noticed an orb of fire
 54884 | Zot:5    | Noticed an orb of fire
 54886 | Zot:5    | Gained mutation: You are vulnerable to heat. (rF-) [an orb
                  | of fire]
 54887 | Zot:5    | Gained mutation: Your body sometimes deteriorates upon
                  | taking damage. [an orb of fire]
 54897 | Zot:5    | Gained mutation: You are vulnerable to cold. (rC-) [an orb
                  | of fire]
 54898 | Zot:5    | Gained mutation: Your magical capacity is low. (-10% MP)
                  | [an orb of fire]
 54899 | Zot:5    | Killed an orb of fire
 54901 | Zot:5    | Gained mutation: You are very vulnerable to cold. (rC--)
                  | [an orb of fire]
 54907 | Zot:5    | Killed an orb of fire
 54916 | Zot:5    | Killed an orb of fire
 54924 | Zot:5    | Killed an orb of fire
 54924 | Zot:5    | Noticed an orb of fire
 54929 | Zot:5    | Killed an orb of fire
 54943 | Zot:5    | Noticed an orb of fire
 54948 | Zot:5    | Killed an orb of fire
 54953 | Zot:5    | Noticed an ancient lich
 54953 | Zot:5    | Noticed an ancient lich
 54953 | Zot:5    | Noticed a Killer Klown
 54953 | Zot:5    | Noticed a Killer Klown
 54953 | Zot:5    | Noticed a dread lich
 54964 | Zot:5    | Killed an ancient lich
 54970 | Zot:5    | Killed a dread lich
 54971 | Zot:5    | Lost mutation: You are vulnerable to heat. (rF-) [potion of
                  | mutation]
 54971 | Zot:5    | Lost mutation: You are clumsy. (Dex -2) [potion of
                  | mutation]
 54971 | Zot:5    | Gained mutation: Your magical capacity is very low. (-20%
                  | MP) [potion of mutation]
 54971 | Zot:5    | Gained mutation: You possess an exceptional clarity of
                  | mind. [potion of mutation]
 54972 | Zot:5    | Lost mutation: Your magical capacity is very low. (-20% MP)
                  | [potion of mutation]
 54972 | Zot:5    | Lost mutation: You are very vulnerable to cold. (rC--)
                  | [potion of mutation]
 54972 | Zot:5    | Lost mutation: Your body sometimes deteriorates upon taking
                  | damage. [potion of mutation]
 54972 | Zot:5    | Gained mutation: You are agile. (Dex +4, Str/Int -1)
                  | [potion of mutation]
 54975 | Zot:5    | Killed an ancient lich
 54984 | Zot:5    | Noticed an orb of fire
 54989 | Zot:5    | Gained mutation: You are frail. (-10% HP) [an orb of fire]
 54992 | Zot:5    | Killed an orb of fire
 55003 | Zot:5    | Killed a Killer Klown
 55006 | Zot:5    | Killed a Killer Klown
 55177 | Zot:5    | Noticed an ancient lich
 55185 | Zot:5    | Killed an ancient lich
 55291 | Zot:5    | Noticed a Killer Klown
 55295 | Zot:5    | Killed a Killer Klown
 55370 | Zot:5    | Got the Orb of Zot
 55971 | D:1      | Noticed Ycetirph the pandemonium lord
 55984 | D:1      | Killed Ycetirph the pandemonium lord
 56024 | D:$      | Escaped with the Orb!

Illustrated notes

Levels and vault maps discovered:
D:1:      dreamdust_arrival_beginning_and_end, layout_basic, serial_shops,
          nicolae_shop_waterfront, nicolae_ecumenical_lake_church
D:2:      layout_basic, basic_altar, serial_shops, shop
D:3:      layout_loops_corners, nicolae_overflow_crystal_walls,
          mainiacjoe_overflow_surrounded_room
D:4:      minmay_razor_zed, layout_rooms, mainiacjoe_overflow_brackets,
          nicolae_grassy_gnolls, uniq_pikel
D:5:      layout_cave_pods, mainiacjoe_overflow_two_lobes,
          uniq_crazy_yiuf_cottage
D:6:      layout_rooms, general_overflow_altar, okawaru_metal_pillars_1_2,
          minmay_temple_entry_tees, nicolae_specific_store
D:7:      layout_cave_pools, roderic_lattice_a
D:8:      layout_rooms, nicolae_overflow_hidden_temple, enter_bailey_6,
          kennysheep_potato
D:9:      layout_gridville, mainiacjoe_overflow_24_doors, serial_glass,
          glass_columns_a, glass_columns_c, glass_columns_a, glass_columns_a,
          glass_columns_a, glass_columns_b, glass_columns_b, glass_columns_a
D:10:     layout_roguey, grunt_ashenzari_visionary
          [grunt_ashenzari_visionary_swamp, grunt_ashenzari_visionary_snake],
          grunt_qazlal_sundering, grunt_lair_entry_orc_guard_hut,
          gammafunk_ghost_cemetery, uniq_amaemon, uniq_sonja
D:11:     layout_irregular_city, nicolae_benzene_ring
D:12:     layout_long_grid, gammafunk_ghost_icy, enter_trove_3, uniq_erolcha
D:13:     cheibrodos_shockbox, layout_gridville,
          lightli_vaults_fourway_checkpoint, nemelex_lonely_heart_becter
D:14:     nzn_winding_woodlands_stair_cross
          [nzn_winding_woodlands_5x15_concentric,
          nzn_winding_woodlands_center_diamonds,
          nzn_winding_woodlands_5x15_crooked, nzn_winding_woodlands_5x5_cross,
          nzn_winding_woodlands_5x5_default, nzn_winding_woodlands_5x15_pockets,
          nzn_winding_woodlands_center_lodge,
          nzn_winding_woodlands_5x15_default], layout_basic,
          grunt_ministairs_10, kennysheep_just_a_vault, uniq_nessos
D:15:     gammafunk_enter_depths_forms, layout_loops_corners, serial_park_tiny_1
Temple:   hellmonk_temple_divided_pantheon
Lair:1:   hellmonk_destroyed_diamonds, layout_gridlike
Lair:2:   layout_regular_city, lemuel_oklob_altar, grunt_megastairs_3
Lair:3:   layout_roguey, minmay_swamp_entry_eels, dummy_snake_entry,
          chequers_serial_rivers_small_3, lemuel_fruit_tree
Lair:4:   minmay_guarded_unrand_snakebite, layout_regular_city, uniq_kirke
Lair:5:   grunt_lair_end_beastmaster, layout_regular_city,
          nicolae_slime_entry_field_trip
Swamp:1:  layout_basic_swamp, nicolae_swamp_well_well_well
Swamp:2:  layout_basic_swamp, ebering_ghost_funeral_grove,
          evilmike_swamp_ruin_rubble_2, swamp_pool5, nicolae_swamp_triple_paths,
          uniq_mlioglotl
Swamp:3:  layout_basic_swamp, evilmike_swamp_ruin_house_3
Swamp:4:  swamp_vile, layout_basic_swamp
Snake:1:  layout_cave_pods, drop_trap, nicolae_snake_serpentine_bazaar,
          minmay_shop_grove
Snake:2:  layout_basic
Snake:3:  layout_onion_interference, minmay_shoptagon
Snake:4:  johnstein_snake_rune_scales, layout_rooms, uniq_vashnia
Orc:1:    lemuel_ogre_cave, layout_diamond_mine, basic_altar, nooodl_orcs_dogs,
          uniq_erica
Orc:2:    st_orc_congregation, layout_caves, serial_shops,
          nicolae_lakefront_shop, uniq_maurice
Elf:1:    eino_elf_arrival_shootout, layout_geoelf_octagon, serial_shops, shop,
          minmay_elf_demonology
Elf:2:    nicolae_elf_blades_crystal_corner, layout_geoelf_diagonals,
          serial_shops, bzr_firewalk, shop, hex_intersection
Elf:3:    minmay_elf_hall_statues, layout_loops_cross, serial_shops,
          nicolae_shop_pleasant_corner_grove,
          nicolae_concentric_dashed_squares_mild, uniq_nikola
Vaults:1: hangedman_vaults_pinch, nicolae_vaults_tangram_1,
          ontoclasm_vaults_ring_small, vaults_room_pools,
          nicolae_vaults_storage_closets_3, nicolae_vaults_diamond_2,
          vaults_room_door_hall, vaults_room_hallway, v_misc_14,
          nicolae_vaults_tetromino_T_1, v_misc_16, v_misc_30,
          nicolae_vaults_tetromino_L_2, ontoclasm_vaults_fault,
          layout_vaults_chaotic_city, uniq_donald
Vaults:2: v_pattern_4, nicolae_vaults_tetromino_T_2, nicolae_vaults_theta,
          grunt_vaults_diagonal, nicolae_vaults_little_squares_4,
          nicolae_vaults_shrinking_rooms_1, nicolae_vaults_trapezoid_lopsided_1,
          nicolae_vaults_closet_pinwheel_1, nicolae_vaults_door_testing_chamber,
          nicolae_vaults_border_crossing, v_misc_22,
          nicolae_vaults_shelves_hall, v_misc_26, vaults_room_door_ring,
          layout_vaults_big_cross, serial_shops, nicolae_square_shop
Vaults:3: v_misc_26, nicolae_vaults_six-pack, hangedman_vaults_locks,
          vaults_dpeg_diagonal, nicolae_vaults_big_ls,
          nicolae_vaults_offset_grid_hallway_3, hangedman_vaults_river_flow,
          v_misc_23, v_rooms_2, vaults_dpeg_emergency_exit,
          nicolae_vaults_storage_room_doors, nicolae_vaults_theta,
          nicolae_vaults_oval_intersection, layout_vaults_omnibox,
          dummy_crypt_entry
Vaults:4: v_alt_pattern_3, nicolae_vaults_triangles,
          vaults_standard_mumra_enter_the_diamond, grunt_vaults_bifocal,
          vaults_mumra_minichess, hangedman_vaults_stitches, v_misc_2,
          nicolae_vaults_sealed_display, grunt_vaults_focal, v_misc_24,
          vaults_dpeg_encased_lava, layout_vaults_ring
Vaults:5: serial_shops, uniq_margery
Depths:1: layout_cave_pools, pan_entry, grunt_mini_vestibule,
          minmay_misc_feat_diagonals, dancing_weapons_uskayaw, firewood_loft,
          serial_bayou_shore_a, minmay_shop_star
Depths:2: minmay_split_circle, layout_cave_pools, hell_entry,
          patterned_corridor, abyss_entry, serial_shops, bzr_entry_gold,
          rand_demon_pan_entry_3, gammafunk_ghost_berserking_beasts,
          minmay_misc_feat_tiny
Depths:3: minmay_open_boxes_in_corner, layout_small_grid, serial_shops,
          bzr_in_the_mist, hell_entry, hangedman_abyss_entry_splay,
          cheibrodos_ashenzari_chains, infiniplex_staircase_zigzag_1
Depths:4: evilmike_zot_entry_diamond, layout_cave_pools, enter_ziggurat_d,
          elyvilon_altar_4, pf_dread_powers_of_hell, kiku_gazebo_garden_becter,
          uniq_saint_roka, uniq_xtahua, uniq_grunn
Zot:1:    layout_basic, gammafunk_ghost_split
Zot:2:    layout_cellular_growth, nicolae_shop_clearance, grunt_megastairs_1
Zot:3:    layout_misc_corridors
Zot:4:    layout_twisted_circle, ebering_ghost_xom
Zot:5:    layout_basic

Skill      XL: |  1  2  3  4  5  6  7  8  9 10 11 12 13 14 15 16 17 18 19 20 21 22 23 24 25 |
---------------+----------------------------------------------------------------------------+-----
Unarmed Combat | 4 5 7 8 9 11 12 14 16 17 18 19 20 21 | 21.8
Fighting       | 3 4 5 6 7 9 10 12 13 14 15 16 17 18 19 | 19.7
Shields        | 2 4 5 6 8 9 10 12 13 | 13.2
Throwing       | 3 4 5 7 8 9 10 11 12 13 14 | 14.3
Invocations    | 3 5 7 8 9 10 11 12 | 12.0
Armour         | 1 4 5 6 7 8 9 10 11 12 13 | 13.8
Dodging        | 3 5 6 7 8 9 10 11 12 13 14 | 14.0
Translocations | 6 7 |  7.0
Air Magic      | 3 4 5 7 |  7.0
Spellcasting   | 3 6 7 |  7.1
Necromancy     | 8 10 | 10.2

Action                     |  1- 3 |  4- 6 |  7- 9 | 10-12 | 13-15 | 16-18 | 19-21 | 22-24 | 25-27 || total
---------------------------+-------+-------+-------+-------+-------+-------+-------+-------+-------++-------
  Melee: Unarmed           |   105 |    99 |   297 |   557 |  1020 |  1038 |  1470 |  1250 |   288 ||  6124
         Punch             |     1 |     5 |     1 |       |       |       |       |       |       ||     7
         Demon whip        |       |       |       |     6 |     6 |    36 |       |       |       ||    48
  Throw: Javelin           |     1 |     5 |     1 |     7 |     8 |       |       |       |       ||    22
         Stone             |       |       |       |     4 |    39 |       |       |       |       ||    43
         Large rock        |       |       |       |       |    19 |    95 |   109 |   100 |    10 ||   333
   Cast: Vhi's Electric Ch |       |       |       |       |       |       |    32 |    71 |    14 ||   117
         Animate Dead      |       |       |       |       |       |       |     7 |    35 |     3 ||    45
 Invoke: Slouch            |       |       |       |       |     1 |     3 |     3 |     5 |       ||    12
         Step From Time    |       |       |       |       |       |       |     1 |     4 |       ||     5
  Evoke: Wand              |       |       |       |     5 |     4 |       |     1 |     1 |     3 ||    14
         Box of beasts     |       |       |       |       |       |     1 |     1 |       |       ||     2
    Use: Scroll            |       |     3 |    12 |    14 |     3 |    15 |    21 |    14 |    11 ||    93
         Potion            |       |     1 |       |     4 |     5 |     4 |     4 |    13 |     5 ||    36
   Stab: Sleeping          |     2 |     2 |     1 |       |     2 |     4 |     1 |       |       ||    12
         Invisible         |       |       |       |     3 |       |       |       |       |       ||     3
         Petrified         |       |       |       |       |     2 |       |       |       |       ||     2
         Distracted        |       |       |       |       |     1 |       |     2 |    16 |     2 ||    21
         Paralysed         |       |       |       |       |       |       |     1 |       |       ||     1
 Armour: Robe              |    37 |    21 |    99 |       |       |       |       |       |       ||   157
         Acid dragon scale |       |       |       |   158 |   337 |   401 |    60 |       |       ||   956
         Skin              |       |       |       |     7 |       |       |       |       |       ||     7
         Storm dragon scal |       |       |       |       |       |       |   382 |   688 |    98 ||  1168
  Dodge: Dodged            |    48 |    37 |   117 |   155 |   389 |   609 |   521 |   662 |    92 ||  2630
  Block: Kite shield       |       |       |    91 |   248 |   560 |   983 |  1201 |  1356 |   221 ||  4660
         Reflection        |       |       |       |       |       |    65 |   108 |    37 |     2 ||   212
